| TOP OF THE 1ST |
|
St. Louis Cardinals batting - Pitching for Milwaukee Brewers : RHP Travis Southern
|
|
Pitching: RHP Travis Southern
|
|
|
Batting: RHB Mike Bates
|
0-0: Ball 1-0: Foul Ball, location: 2F 1-1: Called Strike 1-2: Fly out, F6 (Popup, 6, EV 66.9 MPH)
|
|
Batting: LHB Pat Sutton
|
0-0: Ball 1-0: Called Strike 1-1: Ground out 5-3 (Groundball, 56, EV 88.1 MPH)
|
|
Batting: SHB Harry Hoop
|
0-0: Called Strike 0-1: Ball 1-1: Called Strike 1-2: Ball 2-2: Strikes out swinging
|
| Top of the 1st over - 0 runs, 0 hits, 0 errors, 0 left on base; St. Louis 0 - Milwaukee 0 |
| BOTTOM OF THE 1ST |
|
Milwaukee Brewers batting - Pitching for St. Louis Cardinals : RHP Dave Crouch
|
|
Pitching: RHP Dave Crouch
|
|
|
Batting: LHB Jason Peck
|
0-0: Fly out, F7 (Flyball, 7S, EV 93.1 MPH)
|
|
Batting: LHB Eric Klasek
|
0-0: Ground out 3-1 (Groundball, 34S, EV 79.4 MPH)
|
|
Batting: RHB Joel Haycock
|
0-0: Foul Ball, location: 2F 0-1: Ball 1-1: Hit by Pitch
|
|
Batting: SHB Lewis Thorpe Jr.
|
0-0: Foul Ball, location: 2F 0-1: Fly out, F8 (Flyball, 8RXD, EV 101.2 MPH)
|
| Bottom of the 1st over - 0 runs, 0 hits, 0 errors, 1 left on base; St. Louis 0 - Milwaukee 0 |
| TOP OF THE 2ND |
|
St. Louis Cardinals batting - Pitching for Milwaukee Brewers : RHP Travis Southern
|
|
Batting: SHB Antoine Roux
|
0-0: Ball 1-0: Called Strike 1-1: Ball 2-1: Ball 3-1: Foul Ball, location: 2F 3-2: Foul Ball, location: 2F 3-2: Strikes out swinging
|
|
Batting: LHB Armando Carbajal
|
0-0: Called Strike 0-1: Ball 1-1: Ground out 6-3 (Groundball, 56, EV 83.1 MPH)
|
|
Batting: RHB Melvin Enriquez
|
0-0: Fly out, F8 (Flyball, 89M, EV 90.0 MPH)
|
| Top of the 2nd over - 0 runs, 0 hits, 0 errors, 0 left on base; St. Louis 0 - Milwaukee 0 |
| BOTTOM OF THE 2ND |
|
Milwaukee Brewers batting - Pitching for St. Louis Cardinals : RHP Dave Crouch
|
|
Batting: SHB Orlando Torres
|
0-0: Called Strike 0-1: Called Strike 0-2: Ground out 6-3 (Groundball, P, EV 86.9 MPH)
|
|
Batting: RHB Mike Ball
|
0-0: Swinging Strike 0-1: Foul Ball, location: 2F 0-2: Strikes out swinging
|
|
Batting: RHB Daniel Donovan
|
0-0: Swinging Strike 0-1: Called Strike 0-2: Strikes out looking
|
| Bottom of the 2nd over - 0 runs, 0 hits, 0 errors, 0 left on base; St. Louis 0 - Milwaukee 0 |
| TOP OF THE 3RD |
|
St. Louis Cardinals batting - Pitching for Milwaukee Brewers : RHP Travis Southern
|
|
Batting: LHB Ichiro Toyota
|
0-0: Called Strike 0-1: Ball 1-1: Ball 2-1: Foul Ball, location: 2F 2-2: Ball 3-2: Fly out, F8 (Flyball, 78M, EV 95.6 MPH)
|
|
Batting: RHB Danny Gallo
|
0-0: Swinging Strike 0-1: Foul Ball, location: 2F 0-2: Ball 1-2: Strikes out swinging
|
|
Batting: SHB Chris Blue
|
0-0: Foul Ball, location: 2F 0-1: Ball 1-1: SOLO HOME RUN (Flyball, 9LD, EV 96.9 MPH), Distance : 364 ft
|
|
Batting: RHB Mike Bates
|
0-0: Called Strike 0-1: Ball 1-1: Fly out, F7 (Flyball, 7LMF, EV 113.1 MPH)
|
| Top of the 3rd over - 1 run, 1 hit, 0 errors, 0 left on base; St. Louis 1 - Milwaukee 0 |
| BOTTOM OF THE 3RD |
|
Milwaukee Brewers batting - Pitching for St. Louis Cardinals : RHP Dave Crouch
|
|
Batting: RHB Jose Morrissey
|
0-0: Ball 1-0: Called Strike 1-1: Foul Ball, location: 2F 1-2: Fly out, F9 (Flyball, 89D, EV 108.1 MPH)
|
|
Batting: RHB Ben Campbell
|
0-0: Ball 1-0: Ball 2-0: Ball 3-0: Called Strike 3-1: Fly out, F4 (Line Drive, 4M, EV 71.2 MPH)
|
|
Batting: LHB Jason Peck
|
0-0: Ground out 4-3 (Groundball, 4, EV 83.1 MPH)
|
| Bottom of the 3rd over - 0 runs, 0 hits, 0 errors, 0 left on base; St. Louis 1 - Milwaukee 0 |
| TOP OF THE 4TH |
|
St. Louis Cardinals batting - Pitching for Milwaukee Brewers : RHP Travis Southern
|
|
Batting: LHB Pat Sutton
|
0-0: Ball 1-0: Ball 2-0: Fly out, F7 (Line Drive, 7S, EV 98.1 MPH)
|
|
Batting: SHB Harry Hoop
|
0-0: Foul Ball, location: 2F 0-1: Hit by Pitch
|
|
Batting: SHB Antoine Roux
|
0-0: Called Strike 0-1: Swinging Strike 0-2: Ball 1-2: SINGLE (Line Drive, 9LS, EV 108.8 MPH) Harry Hoop to second
|
|
Batting: LHB Armando Carbajal
|
0-0: Fly out, F7 (Flyball, 7, EV 90.0 MPH)
|
|
Batting: RHB Melvin Enriquez
|
0-0: Ball 1-0: Fly out, F8 (Flyball, 8RD, EV 104.4 MPH)
|
| Top of the 4th over - 0 runs, 1 hit, 0 errors, 2 left on base; St. Louis 1 - Milwaukee 0 |
| BOTTOM OF THE 4TH |
|
Milwaukee Brewers batting - Pitching for St. Louis Cardinals : RHP Dave Crouch
|
|
Batting: LHB Eric Klasek
|
0-0: Ball 1-0: Ball 2-0: Called Strike 2-1: Ground out U3 (Groundball, 3, EV 91.2 MPH)
|
|
Batting: RHB Joel Haycock
|
0-0: Ball 1-0: Called Strike 1-1: Fly out, F9 (Flyball, 9, EV 85.0 MPH)
|
|
Batting: SHB Lewis Thorpe Jr.
|
0-0: Swinging Strike 0-1: Ball 1-1: Swinging Strike 1-2: Ball 2-2: Foul Ball, location: 2F 2-2: Ball 3-2: Foul Ball, location: 2F 3-2: Base on Balls
|
|
Batting: SHB Orlando Torres
|
0-0: Swinging Strike 0-1: Ball 1-1: Ball 2-1: Fielders Choice at 2nd, 5-4 (Groundball, 56, EV 100.6 MPH)
|
| Bottom of the 4th over - 0 runs, 0 hits, 0 errors, 1 left on base; St. Louis 1 - Milwaukee 0 |
| TOP OF THE 5TH |
|
St. Louis Cardinals batting - Pitching for Milwaukee Brewers : RHP Travis Southern
|
|
Batting: LHB Ichiro Toyota
|
0-0: Called Strike 0-1: Foul Ball, location: 2F 0-2: Ball 1-2: Ball 2-2: Foul Ball, location: 2F 2-2: Ball 3-2: SOLO HOME RUN (Flyball, 9D, EV 96.9 MPH), Distance : 393 ft
|
|
Batting: RHB Danny Gallo
|
0-0: Ball 1-0: Ball 2-0: Called Strike 2-1: Ball 3-1: Foul Ball, location: 2F 3-2: Base on Balls
|
|
Batting: SHB Chris Blue
|
0-0: Called Strike Danny Gallo is caught stealing 2nd base 2-6 0-1: Ball 1-1: Ground out 4-3 (Groundball, 4, EV 87.5 MPH)
|
|
Batting: RHB Mike Bates
|
0-0: Ball 1-0: SOLO HOME RUN (Flyball, 9LD, EV 94.4 MPH), Distance : 361 ft
|
|
Batting: LHB Pat Sutton
|
0-0: Called Strike 0-1: Ball 1-1: Ball 2-1: SINGLE (Line Drive, 8RS, EV 92.5 MPH)
|
|
Batting: SHB Harry Hoop
|
0-0: Ball 1-0: SINGLE (Line Drive, 8RS, EV 112.5 MPH) Pat Sutton to second
|
|
Batting: SHB Antoine Roux
|
0-0: Ball 1-0: Foul Ball, location: 2F 1-1: Ball 2-1: Ball 3-1: Fielders Choice at 2nd, 5-4 (Groundball, 5, EV 84.4 MPH)
|
| Top of the 5th over - 2 runs, 4 hits, 0 errors, 2 left on base; St. Louis 3 - Milwaukee 0 |
| BOTTOM OF THE 5TH |
|
Milwaukee Brewers batting - Pitching for St. Louis Cardinals : RHP Dave Crouch
|
|
Batting: RHB Mike Ball
|
0-0: Ball 1-0: Called Strike 1-1: Called Strike 1-2: SINGLE (Line Drive, 7LS, EV 107.5 MPH)
|
|
Batting: RHB Daniel Donovan
|
0-0: Ball 1-0: Ball 2-0: DOUBLE (Line Drive, 89XD, EV 108.1 MPH) Mike Ball to third Runner from 3rd tries for Home, throw by RF and OUT! 9-4-2 Daniel Donovan to third
|
|
Batting: RHB Jose Morrissey
|
0-0: Ball 1-0: SINGLE (Groundball, 25, EV 65.6 MPH) (infield hit)
|
|
Batting: RHB Ben Campbell
|
0-0: SINGLE (Groundball, 56D, EV 96.9 MPH) Daniel Donovan scores Jose Morrissey to second
|
|
Batting: LHB Jason Peck
|
0-0: Called Strike 0-1: Ball 1-1: Ball 2-1: Foul Ball, location: 2F 2-2: Foul Ball, location: 2F 2-2: Fly out, F7 (Flyball, 7, EV 91.9 MPH)
|
|
Batting: LHB Eric Klasek
|
0-0: Fielders Choice at 2nd, 6-4 (Groundball, 6, EV 85.6 MPH)
|
| Bottom of the 5th over - 1 run, 4 hits, 0 errors, 2 left on base; St. Louis 3 - Milwaukee 1 |
| TOP OF THE 6TH |
|
St. Louis Cardinals batting - Pitching for Milwaukee Brewers : RHP Travis Southern
|
|
Batting: LHB Armando Carbajal
|
0-0: Ball 1-0: Foul Ball, location: 2F 1-1: Foul Ball, location: 2F 1-2: Foul Ball, location: 2F 1-2: Foul Ball, location: 2F 1-2: Fly out, F7 (Line Drive, 7, EV 95.0 MPH)
|
|
Batting: RHB Melvin Enriquez
|
0-0: Called Strike 0-1: Foul Ball, location: 2F 0-2: Ball 1-2: Fly out, F8 (Flyball, 8RXD, EV 86.2 MPH)
|
|
Batting: LHB Ichiro Toyota
|
0-0: Ball 1-0: Called Strike 1-1: Ball 2-1: Ball 3-1: Base on Balls
|
|
Pitching: LHP Dale Ahernfeld
|
|
|
Batting: RHB Danny Gallo
|
0-0: Ball 1-0: Ball Ichiro Toyota steals 2nd base 2-0: Called Strike 2-1: Called Strike 2-2: Foul Ball, location: 2F 2-2: Strikes out swinging
|
| Top of the 6th over - 0 runs, 0 hits, 0 errors, 1 left on base; St. Louis 3 - Milwaukee 1 |
| BOTTOM OF THE 6TH |
|
Milwaukee Brewers batting - Pitching for St. Louis Cardinals : RHP Dave Crouch
|
|
Batting: RHB Joel Haycock
|
0-0: Ball 1-0: Ball 2-0: Foul Ball, location: 2F 2-1: Foul Ball, location: 2F 2-2: Ball 3-2: Fly out, F8 (Flyball, 89M, EV 81.2 MPH)
|
|
Batting: SHB Lewis Thorpe Jr.
|
0-0: Called Strike 0-1: Ball 1-1: Called Strike 1-2: Ball 2-2: Ball 3-2: Base on Balls
|
|
Batting: SHB Orlando Torres
|
0-0: Ball 1-0: SINGLE (Groundball, 34D, EV 100.0 MPH) Lewis Thorpe Jr. to second Runner from 2nd tries for 3rd, SAFE, throw by RF made to third
|
|
Batting: RHB Mike Ball
|
0-0: Ball 1-0: Ball 2-0: Foul Ball, location: 2F 2-1: Foul Ball, location: 2F 2-2: Foul Ball, location: 2F 2-2: SINGLE (Line Drive, 3D, EV 96.2 MPH) Lewis Thorpe Jr. scores Orlando Torres to second Runner from 2nd tries for 3rd, SAFE, no throw by RF
|
|
Batting: RHB Daniel Donovan
|
0-0: Called Strike 0-1: Ball 1-1: Foul Ball, location: 2F 1-2: Ball Mike Ball is caught stealing 2nd base 2-4 2-2: Ball 3-2: SINGLE (Line Drive, 4D, EV 97.5 MPH) Orlando Torres scores
|
|
Batting: RHB Jose Morrissey
|
0-0: Foul Ball, location: 2F 0-1: Called Strike Daniel Donovan steals 2nd base 0-2: Ground out 1-3 (Groundball, 13S, EV 63.8 MPH)
|
| Bottom of the 6th over - 2 runs, 3 hits, 0 errors, 1 left on base; St. Louis 3 - Milwaukee 3 |
| TOP OF THE 7TH |
|
St. Louis Cardinals batting - Pitching for Milwaukee Brewers : LHP Dale Ahernfeld
|
|
Batting: SHB Chris Blue
|
0-0: Called Strike 0-1: Ball 1-1: Ball 2-1: Swinging Strike 2-2: Foul Ball, location: 2F 2-2: Foul Ball, location: 2F 2-2: Ball 3-2: Foul Ball, location: 2F 3-2: Base on Balls
|
|
Batting: RHB Mike Bates
|
0-0: Ball 1-0: Foul Ball, location: 2F 1-1: Foul Ball, location: 2F 1-2: Fly out, F8 (Flyball, 8RM, EV 94.4 MPH)
|
|
Batting: SHB Jason Kirby
|
0-0: Called Strike 0-1: Ball 1-1: Foul Ball, location: 2F 1-2: Strikes out swinging
|
|
Batting: SHB Harry Hoop
|
0-0: Ball 1-0: Foul Ball, location: 2F 1-1: Fly out, F8 (Flyball, 8RM, EV 93.1 MPH)
|
| Top of the 7th over - 0 runs, 0 hits, 0 errors, 1 left on base; St. Louis 3 - Milwaukee 3 |
| BOTTOM OF THE 7TH |
|
Milwaukee Brewers batting - Pitching for St. Louis Cardinals : RHP Dave Crouch
|
|
Batting: RHB Ben Campbell
|
0-0: Called Strike 0-1: Swinging Strike 0-2: Fly out, F7 (Flyball, 78M, EV 89.4 MPH)
|
|
Batting: LHB Jason Peck
|
0-0: Swinging Strike 0-1: Foul Ball, location: 2F 0-2: Ball 1-2: Ball 2-2: Strikes out swinging
|
|
Batting: LHB Eric Klasek
|
0-0: Swinging Strike 0-1: Ball 1-1: Ball 2-1: Ball 3-1: Base on Balls
|
|
Pitching: LHP Danny Rivera
|
|
|
Batting: RHB Joel Haycock
|
0-0: Ball 1-0: Ball 2-0: Ball 3-0: Base on Balls Eric Klasek to second
|
|
Batting: SHB Lewis Thorpe Jr.
|
0-0: Foul Ball, location: 2F 0-1: Swinging Strike 0-2: SINGLE (Groundball, 6MD, EV 102.5 MPH) Eric Klasek to third Joel Haycock to second Runner from 3rd tries for Home, SAFE, throw by CF to home
|
|
Batting: SHB Orlando Torres
|
0-0: Called Strike 0-1: SINGLE (Line Drive, 4D, EV 96.9 MPH) Joel Haycock to third Lewis Thorpe Jr. to second Runner from 3rd tries for Home, SAFE, throw by CF to home
|
|
Batting: RHB Mike Ball
|
0-0: Ball 1-0: Called Strike 1-1: Called Strike 1-2: Fielders Choice at 2nd, 6-4 (Groundball, 56, EV 99.4 MPH)
|
| Bottom of the 7th over - 2 runs, 2 hits, 0 errors, 2 left on base; St. Louis 3 - Milwaukee 5 |
| TOP OF THE 8TH |
|
St. Louis Cardinals batting - Pitching for Milwaukee Brewers : LHP Dale Ahernfeld
|
|
Batting: SHB Antoine Roux
|
0-0: Ball 1-0: Ball 2-0: Foul Ball, location: 2F 2-1: Fly out, F8 (Flyball, 89M, EV 88.1 MPH)
|
|
Batting: LHB Armando Carbajal
|
0-0: Ball 1-0: Ball 2-0: SINGLE (Groundball, 6S, EV 73.8 MPH) (infield hit)
|
|
Batting: RHB Melvin Enriquez
|
0-0: Ball 1-0: Fly out, F8 (Flyball, 8RD, EV 106.9 MPH)
|
|
Batting: LHB Ichiro Toyota
|
0-0: Ground out 4-3 (Groundball, 4S, EV 61.9 MPH)
|
| Top of the 8th over - 0 runs, 1 hit, 0 errors, 1 left on base; St. Louis 3 - Milwaukee 5 |
| BOTTOM OF THE 8TH |
|
Milwaukee Brewers batting - Pitching for St. Louis Cardinals : LHP Danny Rivera
|
|
Batting: RHB Daniel Donovan
|
0-0: Swinging Strike 0-1: Called Strike 0-2: Ball 1-2: Ground out 6-3 (Groundball, 6MD, EV 78.1 MPH)
|
|
Batting: RHB Jose Morrissey
|
0-0: Called Strike 0-1: Foul Ball, location: 2F 0-2: Strikes out swinging
|
|
Batting: RHB Ben Campbell
|
0-0: Ball 1-0: Foul Ball, location: 2F 1-1: Ball 2-1: Ball 3-1: Base on Balls
|
|
Batting: LHB Jason Peck
|
0-0: Called Strike 0-1: Ball 1-1: Foul Ball, location: 2F 1-2: Ground out U3 (Groundball, 3, EV 106.9 MPH)
|
| Bottom of the 8th over - 0 runs, 0 hits, 0 errors, 1 left on base; St. Louis 3 - Milwaukee 5 |
| TOP OF THE 9TH |
|
St. Louis Cardinals batting - Pitching for Milwaukee Brewers : LHP Dale Ahernfeld
|
|
Pitching: RHP Timóteo Metzener
|
|
|
Now at 1B: Jose Morrissey
|
|
|
Now at 2B: Kisho Ito
|
|
|
Batting: RHB Danny Gallo
|
0-0: Swinging Strike 0-1: Swinging Strike 0-2: Foul Ball, location: 2F 0-2: Ball 1-2: Strikes out looking
|
|
Batting: SHB Chris Blue
|
0-0: Fly out, F9 (Flyball, 89S, EV 75.6 MPH)
|
|
Batting: RHB Mike Bates
|
0-0: Swinging Strike 0-1: SINGLE (Groundball, 56D, EV 97.5 MPH)
|
|
Batting: SHB Jason Kirby
|
0-0: Foul Ball, location: 2F 0-1: Ball 1-1: Fly out, F8 (Flyball, 8LXD, EV 88.8 MPH)
|
| Top of the 9th over - 0 runs, 1 hit, 0 errors, 1 left on base; St. Louis 3 - Milwaukee 5 |
|